 Dungeon Crawl Stone Soup version 0.17.0-28-g6e173f8 (console) character file.

3306 Kloppie the Fighter (level 9, -1/86 HPs)
             Began as a Minotaur Fighter on Nov 30, 2015.
             Was an Elder of Okawaru.
             Succumbed to a killer bee's poison
             ... on level 8 of the Dungeon.
             The game lasted 00:11:49 (5800 turns).

Kloppie the Fighter (Minotaur Fighter)              Turns: 5800, Time: 00:11:49

Health: -1/86      AC: 17    Str: 21    XL:     9   Next: 70%
Magic:  8/8        EV: 11    Int:  7    God:    Okawaru [****..]
Gold:   381        SH: 10    Dex: 15    Spells: 0 memorised, 8 levels left

rFire  . . .     SeeInvis .     a - +1 flail
rCold  . . .     Clarity  .     D - +5 ring mail "Baeqaj Repee" {Int+2}
rNeg   + . .     SustAt   .     c - +0 shield
rPois  .         Gourm    .     (helmet restricted)
rElec  .         Spirit   .     A - +2 cloak
rCorr  .         Warding  .     G - +0 pair of gloves
rMut   .         Stasis   .     J - +0 pair of boots
MR     .....                    E - amulet of regeneration
Stlth  ++........               l - ring of positive energy
                                N - ring of stealth

@: lethally poisoned (-1 -> -21), not resistant to hostile enchantments,
unstealthy
A: retaliatory headbutt, horns 2, thin skeletal structure 1
a: Heroism, Renounce Religion


You were on level 8 of the Dungeon.
You worshipped Okawaru.
Okawaru was greatly pleased with you.
You were not hungry.

You visited 1 branch of the dungeon, and saw 8 of its levels.
You also visited: Sewer.

You collected 381 gold pieces.

Inventory:

Hand Weapons
 a - a +1 flail (weapon)
Armour
 c - a +0 shield (worn)
 A - a +2 cloak (worn)
 D - the +5 ring mail "Baeqaj Repee" (worn) {Int+2}
   (You found it on level 4 of the Dungeon)

   It affects your intelligence (+2).
 G - a +0 pair of gloves (worn)
 J - a +0 pair of boots (worn)
 Q - a troll hide {Purgy}
Jewellery
 f - an uncursed amulet of the gourmand
 k - a +2 ring of intelligence
 l - a ring of positive energy (right hand)
 s - an uncursed amulet of warding
 E - an amulet of regeneration (around neck)
 I - an uncursed ring of sustain attributes
 N - a ring of stealth (left hand)
Wands
 b - a wand of confusion (29)
 h - a wand of paralysis (15)
 B - a wand of fire (13)
 H - a wand of polymorph (11)
Scrolls
 i - 4 scrolls of blinking
 u - 5 scrolls of remove curse
 K - 2 scrolls of amnesia
 L - a scroll of noise
Potions
 d - 4 potions of might
 g - 3 potions of brilliance
 j - a potion of flight {unknown}
 m - 2 potions of mutation
 p - 2 potions of agility
 r - 2 potions of lignification
 v - 2 potions of heal wounds
 w - a potion of ambrosia {unknown}
 x - a potion of poison {unknown}
 z - a potion of invisibility {unknown}
 C - 3 potions of curing {unknown}
 F - a potion of cure mutation {unknown}
 M - 2 potions of haste {unknown}
 S - 2 potions of magic {unknown}
Books
 O - a book of Minor Magic

   Spells                             Type                      Level
   a - Magic Dart                     Conjuration                  1
   b - Blink                          Translocation                2
   c - Call Imp                       Summoning                    2
   d - Repel Missiles                 Charms/Air                   2
   e - Slow                           Hexes                        2
   f - Conjure Flame                  Conjuration/Fire             3
   g - Mephitic Cloud                 Conjuration/Poison/Air       3
 R - a Necronomicon

   Spells                             Type                      Level
   a - Haunt                          Necromancy/Summoning         7
   b - Borgnjor's Revivification      Necromancy                   8
   c - Death's Door                   Charms/Necromancy            8
   d - Necromutation                  Transmutation/Necromancy     8
Comestibles
 e - 4 bread rations
 n - 3 beef jerkies
 o - 3 meat rations
 q - 2 slices of pizza
 t - 2 fruits
 P - a chunk of flesh


   Skills:
 - Level 10.7 Fighting
 - Level 10.5 Maces & Flails
 + Level 6.6 Armour
 + Level 5.0 Dodging
 - Level 3.6 Shields


You had 8 spell levels left.
You didn't know any spells.

Dungeon Overview and Level Annotations

Branches:
Dungeon (8/15)             Temple (0/1) D:4
   Lair: D:8-11

Altars:
Ashenzari
Okawaru
Ru


Innate Abilities, Weirdness & Mutations

You reflexively headbutt those who attack you in melee.
You have a pair of horns on your head.
You have a somewhat thin skeletal structure (Dex +2, Stealth).


Message History

You block the killer bee's attack. x2
The killer bee completely misses you. You furiously retaliate!
You headbutt the killer bee!
* * * LOW HITPOINT WARNING * * *
You feel very sick.
The killer bee rages.
The killer bee stings you but does no damage. x2
You block the killer bee's attack. The killer bee closely misses you.
Things that are here:
a killer bee corpse x2
* * * LOW HITPOINT WARNING * * *
You feel sick.
The killer bee rages.
You block the killer bee's attack. x2
The killer bee stings you!
* * * LOW HITPOINT WARNING * * *
You are more poisoned.
The killer bee poisons you!
You hear an angry buzzing noise.
You die...

###...#..............#
#yy.....###...<......#
.....# #..........#
#.(.y# ###..####### .
....# ##..## .. .>.
####...#### ... #†#
#.........#
#...##Z###.........#
#...yzy§@.........#
#...Z§y§P.##...####
#....§§§§.###..#
#..y§8§§P.# ##.#
#.....P.§P.# .#
#....§....## .#
...y####.... .y..
....... .. ##.......


You could see 2 killer bees.

Vanquished Creatures
  Pikel (D:6)
  The ghost of Mandevil the Infuser, a novice DECj (D:5)
  Edmund (D:6)
  A sky beast (D:5)
  4 orc warriors
  A phantom (D:4)
  Purgy (Sewer)
  An ice beast (D:7)
  A slave (D:6)
  An ogre (D:4)
  2 giant frogs (D:6)
  10 killer bees (D:8)
  2 scorpions
  A crimson imp (D:6)
  2 giant frog skeletons
  A jelly (D:6)
  4 orc priests
  2 centaur skeletons
  6 orc wizards
  A hound (D:4)
  An iguana (D:5)
  8 worker ants
  3 gnolls (D:4)
  3 worker ant zombies
  13 adders
  An adder skeleton (D:7)
  A worm (D:2)
  27 orcs
  4 ball pythons (Sewer)
  2 giant cockroaches
  5 hobgoblins
  9 quokkas
  7 bats
  A giant gecko (D:4)
  A giant gecko zombie (D:5)
  6 giant newts
  6 goblins
  6 jackals
  2 jackal zombies
  11 kobolds
  A quokka skeleton (D:4)
  A quokka zombie (D:5)
  7 rats
170 creatures vanquished.

Notes
Turn   | Place    | Note
--------------------------------------------------------------
     0 | D:1      | Kloppie the Minotaur Fighter began the quest for the Orb.
     0 | D:1      | Reached XP level 1. HP: 19/19 MP: 0/0
    99 | D:1      | Reached skill level 4 in Fighting
   107 | D:1      | Reached XP level 2. HP: 27/27 MP: 1/1
   679 | D:2      | Reached XP level 3. HP: 8/34 MP: 2/2
  1441 | D:2      | Reached XP level 4. HP: 41/41 MP: 3/3
  1577 | D:3      | Reached skill level 5 in Fighting
  1664 | D:3      | Reached skill level 5 in Maces & Flails
  1664 | D:3      | Reached XP level 5. HP: 21/48 MP: 4/4
  2035 | D:3      | Gained mutation: You have a somewhat thin skeletal structure (Dex +2, Stealth). [potion of beneficial mutation]
  2508 | D:4      | Found a sacrificial altar of Ru.
  2596 | D:4      | Found an iron altar of Okawaru.
  2636 | D:4      | Noticed a phantom
  2660 | D:4      | Killed a phantom
  2660 | D:4      | Reached skill level 6 in Fighting
  2660 | D:4      | Reached XP level 6. HP: 40/58 MP: 5/5
  2666 | D:4      | Became a worshipper of Warmaster Okawaru
  2826 | D:4      | Got a steaming ring mail
  2827 | D:4      | Identified the +5 ring mail "Baeqaj Repee" {Int+2} (You found it on level 4 of the Dungeon)
  2914 | D:4      | Found a staircase to the Ecumenical Temple.
  2918 | D:4      | Noticed an ogre
  2922 | D:4      | Killed an ogre
  2922 | D:4      | Reached skill level 7 in Fighting
  3094 | D:5      | Entered Level 5 of the Dungeon
  3171 | D:5      | Found a shattered altar of Ashenzari.
  3337 | D:5      | Noticed Mandevil's ghost (novice DECj)
  3352 | D:5      | Killed Mandevil's ghost
  3352 | D:5      | Reached * piety under Okawaru
  3352 | D:5      | Reached XP level 7. HP: 45/67 MP: 6/6
  3499 | D:5      | Reached skill level 8 in Fighting
  4312 | D:6      | Reached XP level 8. HP: 75/75 MP: 7/7
  4315 | D:6      | Reached ** piety under Okawaru
  4339 | D:6      | Noticed Edmund
  4348 | D:6      | Killed Edmund
  4348 | D:6      | Reached skill level 9 in Fighting
  4442 | D:6      | Noticed Pikel
  4518 | D:6      | Killed Pikel
  4518 | D:6      | Reached *** piety under Okawaru
  4518 | D:6      | Reached skill level 10 in Fighting
  4518 | D:6      | Reached skill level 10 in Maces & Flails
  4605 | D:6      | Reached XP level 9. HP: 80/86 MP: 8/8
  4627 | D:6      | Found a glowing drain.
  4638 | Sewer    | Entered a sewer
  4667 | Sewer    | Noticed Purgy
  4672 | Sewer    | Killed Purgy
  5108 | D:7      | Reached skill level 1 in Dodging
  5122 | D:7      | Reached **** piety under Okawaru
  5441 | D:7      | Reached skill level 5 in Armour
  5797 | D:8      | Reached skill level 5 in Dodging
  5799 | D:8      | HP: 1/86 [killer bee (9)]
  5800 | D:8      | Succumbed to a killer bee's poison

Action                   |  1- 3 |  4- 6 |  7- 9 || total
-------------------------+-------+-------+-------++-------
Melee: Flail             |    85 |   142 |   275 ||   502
  Use: Scroll            |       |    13 |     8 ||    21
       Potion            |       |     1 |       ||     1
 Stab: Sleeping          |       |     1 |     5 ||     6
       Distracted        |       |       |     1 ||     1
  Eat: Chunk             |     1 |    16 |     1 ||    18
